 Dungeon Crawl Stone Soup version 0.20.1-1-g8b1a95d (webtiles) character file.

282 valak24 the Skirmisher (level 6, 0/52 HPs)
             Began as a Draconian Fighter on July 15, 2017.
             Was a Follower of Dithmenos.
             Slain by an orc wizard
             ... wielding a +0 dagger
              (2 damage)
             ... on level 4 of the Dungeon.
             The game lasted 00:09:03 (3227 turns).

valak24 the Skirmisher (Draconian Fighter)          Turns: 3227, Time: 00:09:04

Health: 0/52       AC:  6    Str: 21    XL:     6   Next: 6%
Magic:  6/6        EV: 11    Int:  8    God:    Dithmenos [*.....]
Gold:   187        SH:  0    Dex: 10    Spells: 5/5 levels left

rFire    . . .     SeeInvis .   a - +1 long sword
rCold    . . .     Gourm    .   b - +0 shield
rNeg     . . .     Faith    .   (armour unavailable)
rPois    +         Spirit   .   (helmet restricted)
rElec    .         Reflect  .   (no cloak)
rCorr    .         Harm     .   (no gloves)
MR       .....                  (no boots)
Stlth    +.........             (no amulet)
Regen    0.2/turn               e - ring of poison resistance
MPRegen  0.1/turn               (no ring)

@: confused, wreathed by umbra
A: unfitting armour, fangs 1, poison resistance, evolution 1, cold-blooded, AC
+6
a: Renounce Religion


You were on level 4 of the Dungeon.
You worshipped Dithmenos.
Dithmenos was aware of your devotion.
You were not hungry.

You visited 1 branch of the dungeon, and saw 4 of its levels.

You collected 187 gold pieces.

Inventory:

Hand Weapons
 a - a +1 long sword (weapon)
 o - a cursed -1 falchion
Missiles
 h - 5 tomahawks of returning (quivered)
Armour
 b - a +0 shield (worn)
Jewellery
 e - a ring of poison resistance (left hand)
 l - a +2 ring of evasion {unknown}
Scrolls
 f - 2 scrolls of teleportation
 m - a scroll of enchant armour {unknown}
 n - a scroll of remove curse {unknown}
Potions
 c - a potion of might
 k - a potion of flight {unknown}
Comestibles
 g - 3 meat rations
 i - a bread ration
 j - a royal jelly


   Skills:
 * Level 4.2 Fighting
 * Level 3.9 Long Blades
 * Level 3.8 Dodging
 + Level 1.3 Stealth
 * Level 4.0 Shields


You had 5 spell levels left.
You didn't know any spells.

Dungeon Overview and Level Annotations

Branches:
Dungeon (4/15)
 Temple: D:4-7

Altars:
Dithmenos
Fedhas
Kikubaaqudgha
Ru
Zin

Annotations:
D:4 Blork the orc


Innate Abilities, Weirdness & Mutations

Your plain brown scales are hard. (AC +6)
You cannot fit into any form of body armour.
You are cold-blooded and may be slowed by cold attacks.
You have very sharp teeth.
Your system is resistant to poisons. (rPois)
You evolve.


Message History

You bump into the rock wall.
Something hits you but does no damage.
The orc wizard mumbles some strange words.
The orc wizard seems to speed up.
You bump into the rock wall.
The orc wizard points at you and mumbles some strange words.
The puff of flame hits you!
You hear some strange, mumbled words.
A puff of flame appears from out of thin air!
The puff of flame hits you! Something hits you!
* * * LOW HITPOINT WARNING * * *
You miss something. The orc wizard barely misses you. Something hits you.
* * * LOW HITPOINT WARNING * * *
Something hits you but does no damage.
The orc wizard hits you but does no damage.
Something hits you.
* * * LOW HITPOINT WARNING * * *
Something hits you but does no damage.
Your shield prevents you from hitting the orc wizard.
Your bite misses the orc wizard. The orc wizard hits you with a dagger.
You die...

.#'#.###..........###..#
#....................###
#..........[.....###...##
.(...............<.รท....#
....[.............#######
.........#........#
...........##.....#
............#.o...##...
.......).##).{@........
.........##########....
.........# .... ..........
### ....=##.### .###. #.#
# ..# #.#


You could see an orc wizard.

Vanquished Creatures
  A bullfrog (D:3)
  A scorpion (D:3)
  An orc wizard (D:4)
  Robin (D:2)
  3 adders
  2 oozes (D:2)
  An adder skeleton (D:4)
  A dart slug (D:4)
  A leopard gecko (D:1)
  A giant cockroach (D:4)
  12 goblins
  17 hobgoblins
  12 jackals (D:1)
  11 kobolds
  A quokka (D:2)
  A ball python (D:4)
  8 bats
  A frilled lizard (D:3)
  6 rats
82 creatures vanquished.

Notes
Turn   | Place    | Note
-------+----------+-------------------------------------------
     0 | D:1      | valak24 the Draconian Fighter began the quest for the Orb.
     0 | D:1      | Reached XP level 1. HP: 19/19 MP: 1/1
   270 | D:1      | Reached XP level 2. HP: 26/26 MP: 2/2
  1096 | D:1      | Reached XP level 3. HP: 31/31 MP: 3/3
  1576 | D:2      | Noticed Robin
  1586 | D:2      | Killed Robin
  1586 | D:2      | Reached XP level 4. HP: 17/40 MP: 4/4
  1992 | D:2      | Reached skill level 1 in Stealth
  2000 | D:2      | Found a faded altar of an unknown god.
  2047 | D:2      | Became a worshipper of Dithmenos the Shadowed
  2047 | D:2      | Reached * piety under Dithmenos
  2150 | D:2      | Found a glowing silver altar of Zin.
  2153 | D:2      | Found a blossoming altar of Fedhas.
  2156 | D:2      | Found a sacrificial altar of Ru.
  2506 | D:3      | Noticed a bullfrog
  2516 | D:3      | Killed a bullfrog
  2516 | D:3      | Reached XP level 5. HP: 39/46 MP: 5/5
  2542 | D:3      | Gained mutation: You evolve. [potion of mutation]
  2542 | D:3      | Gained mutation: Your system is resistant to poisons. (rPois) [potion of mutation]
  2542 | D:3      | Gained mutation: You have very sharp teeth. [potion of mutation]
  2543 | D:3      | Found an ancient bone altar of Kikubaaqudgha.
  2953 | D:4      | Noticed Blork the orc
  3212 | D:4      | Reached XP level 6. HP: 28/52 MP: 6/6
  3226 | D:4      | HP: 2/52 [something (3)]
  3227 | D:4      | Slain by an orc wizard

Skill      XL: |  1  2  3  4  5 |
---------------+----------------+-----
Dodging        | 3 |  3.8
Stealth        | 1 |  1.3
Long Blades    | 3 |  3.9
Fighting       | 4 |  4.2
Shields        | 4 |  4.0

Action                   |  1- 3 |  4- 6 || total
-------------------------+-------+-------++-------
Melee: Long sword        |    95 |   125 ||   220
       Tailslap          |    12 |    14 ||    26
       Bite              |       |     8 ||     8
  Use: Scroll            |     5 |     3 ||     8
       Potion            |     6 |     4 ||    10
 Stab: Sleeping          |       |     2 ||     2
  Eat: Bread ration      |     1 |       ||     1
       Chunk             |     1 |       ||     1
       Meat ration       |       |     1 ||     1
Armor: Skin              |    52 |    52 ||   104
Dodge: Dodged            |    61 |    54 ||   115
Block: Shield            |    66 |    70 ||   136
       Rpst.: Long sword |    20 |    12 ||    32
